 Dungeon Crawl Stone Soup version 0.23.2-1-ga50397a6bc (webtiles) character file.

Game seed: 10993661941594577827

231081 Peloso the Hoplite (level 18, -18/153 HPs)
             Began as a Minotaur Fighter on Apr 19, 2019.
             Was the Champion of Okawaru.
             Killed from afar by Nikola (22 damage)
             ... with a chain lightning
             ... on level 3 of the Elven Halls on Apr 20, 2019.
             The game lasted 02:20:12 (44125 turns).

Peloso the Hoplite (Minotaur Fighter)              Turns: 44125, Time: 02:20:13

Health: -18/153    AC: 34    Str: 35    XL:     18   Next: 78%
Magic:  7/7        EV: 11    Int:  5    God:    Okawaru [******]
Gold:   959        SH: 19    Dex: 17    Spells: 17/17 levels left

rFire    . . .     SeeInvis +   l - +4 demon blade (antimagic)
rCold    + . .     Gourm    .   K - +0 shield {reflect}
rNeg     + . .     Faith    .   m - +1 crystal plate armour
rPois    +         Spirit   .   F - +0 hat {MR+}
rElec    .         Reflect  +   d - +0 cloak {rPois}
rCorr    .         Harm     .   Q - +1 pair of gloves {Str+3}
MR       +++++     Clarity  +   q - +2 pair of boots {Fly}
Stlth    ..........             T - amulet of the Four Winds {rN+ MR+++ Clar}
HPRegen  0.35/turn              u - +6 ring of strength
MPRegen  0.10/turn              Z - +4 ring of dexterity

@: flying, very slightly contaminated
A: retaliatory headbutt, horns 2, see invisible, blink, cold resistance 1, frail
1, high mp 1
}: 1/15 runes: decaying
a: Blink, Heroism, Finesse, Renounce Religion, Stop Flying


You were on level 3 of the Elven Halls.
You worshipped Okawaru.
Okawaru was exalted by your worship.
You were not hungry.

You visited 5 branches of the dungeon, and saw 30 of its levels.
You visited the Abyss 1 time.
You also visited: Gauntlet and Ice Cave.

You collected 3143 gold pieces.
You spent 2184 gold pieces at shops.

Inventory:

Hand Weapons
 a - a +1 double sword of draining
 e - a +2 scimitar of flaming
 k - a +4 scimitar of electrocution
 l - a +4 antimagic demon blade (weapon)
 A - a +10 long sword
Armour
 b - a +0 scale mail
 d - a +0 cloak of poison resistance (worn)
 m - a +1 crystal plate armour (worn)
 q - a +2 pair of boots of flying (worn)
 x - a scarf of cloud immunity
 F - a +0 hat of magic resistance (worn)
 K - a +0 shield of reflection (worn)
 Q - a +1 pair of gloves of strength (worn)
Jewellery
 i - a cursed -3 ring of intelligence
 u - a +6 ring of strength (left hand)
 w - an uncursed ring of protection from cold
 D - an uncursed ring of positive energy
 T - the amulet of the Four Winds (around neck) {rN+ MR+++ Clar}
   (You bought it in a shop on level 8 of the Dungeon)

   [amulet of nothing]

   It protects you from negative energy.
   It affects your resistance to hostile enchantments.
   It protects you against confusion.
 Z - a +4 ring of dexterity (right hand)
Wands
 B - a wand of digging (1)
Scrolls
 g - 9 scrolls of identify
 h - 5 scrolls of noise
 j - 15 scrolls of teleportation
 n - 8 scrolls of fog
 p - 10 scrolls of remove curse
 L - 9 scrolls of fear
Potions
 r - 7 potions of agility
 z - 7 potions of curing
 I - 2 potions of haste
 N - 3 potions of might
Comestibles
 f - 25 rations


   Skills:
 + Level 17.3 Fighting
 + Level 18.7 Long Blades
 + Level 16.9 Armour
 + Level 6.0 Dodging
 + Level 1.0 Stealth
 + Level 23.4 Shields
 + Level 2.8 Invocations
 + Level 1.0 Evocations


You had 17 spell levels left.
You didn't know any spells.
Your spell library contained the following spells:

 Spells                   Type           Power        Failure   Level  Hunger
 Beastly Appendage        Tmut           #.....       99%         1    ##.....
 Confusing Touch          Hex            #.....       99%         1    ##.....
 Corona                   Hex            #......      99%         1    ##.....
 Infusion                 Chrm           #...         99%         1    ##.....
 Magic Dart               Conj           #...         99%         1    ##.....
 Summon Butterflies       Summ           #.......     99%         1    ##.....
 Summon Small Mammal      Summ           #...         99%         1    ##.....
 Blink                    Tloc           N/A          100%        2    ###....
 Call Imp                 Summ           #.......     100%        2    ###....
 Corpse Rot               Necr           N/A          100%        2    ###....
 Ensorcelled Hibernation  Hex/Ice        #.....       100%        2    ###....
 Passwall                 Tmut/Erth      #.......     100%        2    ###....
 Shroud of Golubria       Chrm/Tloc      #.........   100%        2    ###....
 Slow                     Hex            #.......     100%        2    ###....
 Song of Slaying          Chrm           #.......     100%        2    ###....
 Sticks to Snakes         Tmut           #.......     100%        2    ###....
 Swiftness                Chrm/Air       #.......     100%        2    ###....
 Call Canine Familiar     Summ           #.......     100%        3    ####...
 Conjure Flame            Conj/Fire      #.......     100%        3    ####...
 Inner Flame              Hex/Fire       #.......     100%        3    ####...
 Lesser Beckoning         Tloc           #.........   100%        3    ####...
 Mephitic Cloud           Conj/Pois/Air  #.......     100%        3    ####...
 Regeneration             Chrm/Necr      #.........   100%        3    ####...
 Spectral Weapon          Hex/Chrm       #.......     100%        3    ####...
 Spider Form              Tmut/Pois      #.........   100%        3    ####...
 Stone Arrow              Conj/Erth      #.....       100%        3    ####...
 Summon Guardian Golem    Hex/Summ       #.......     100%        3    ####...
 Cause Fear               Hex            #.........   100%        4    #####..
 Ice Form                 Ice/Tmut       #.......     100%        4    #####..
 Leda's Liquefaction      Hex/Erth       #.........   100%        4    #####..
 Passage of Golubria      Tloc           N/A          100%        4    #####..
 Summon Ice Beast         Ice/Summ       #.......     100%        4    #####..
 Summon Lightning Spire   Summ/Air       #.......     100%        4    #####..
 Blade Hands              Tmut           #.........   100%        5    ######.
 Bolt of Magma            Conj/Fire/Erth #.........   100%        5    ######.
 Lee's Rapid Deconstruct  Erth           #.........   100%        5    ######.
 Metabolic Englaciation   Hex/Ice        #.........   100%        5    ######.
 Summon Forest            Summ/Tloc      #.........   100%        5    ######.
 Summon Mana Viper        Hex/Summ       #.......     100%        5    ######.
 Bolt of Cold             Conj/Ice       #.........   100%        6    #######
 Darkness                 Hex            #.........   100%        6    #######
 Freezing Cloud           Conj/Ice/Air   #.........   100%        6    #######
 Hydra Form               Tmut           #.........   100%        6    #######
 Invisibility             Hex            #.......     100%        6    #######
 Iron Shot                Conj/Erth      #.........   100%        6    #######
 Ozocubu's Refrigeration  Ice            #.........   100%        6    #######
 Simulacrum               Ice/Necr       #.........   100%        6    #######
 Statue Form              Tmut/Erth      #........    100%        6    #######
 Summon Hydra             Summ           #.........   100%        7    #######
 Discord                  Hex            #.........   100%        8    #######
 Shatter                  Erth           #.........   100%        9    #######


Dungeon Overview and Level Annotations

Branches:
Dungeon (15/15)            Temple (0/1) D:6            Lair (6/6) D:9
  Swamp (4/4) Lair:2        Snake (0/4) Lair:2        Slime (0/5) Lair:5
    Orc (2/2) D:10            Elf (3/3) Orc:2        Vaults (0/5) D:13
 Depths (0/5) D:15

Altars:
Cheibriados
Elyvilon
Fedhas
Kikubaaqudgha
Makhleb
Nemelex Xobeh
Okawaru
Sif Muna
Trog
Vehumet
Wu Jian
Xom
Zin
Beogh

Shops:
D:4 ?*[[   D:6 [   D:7 [   D:8 =   D:9 %   Orc:2 (:[!

Portals:
Trove: Elf:1 (give 17 scrolls of teleportation)

Annotations:
Elf:3 exclusion: Roxanne, Nikola, Roxanne


Innate Abilities, Weirdness & Mutations

You reflexively headbutt those who attack you in melee.
You have a pair of horns on your head.
You have supernaturally acute eyesight. (SInv)
You can translocate small distances at will.
Your flesh is cold resistant. (rC+)
You are frail. (-10% HP)
You have an increased reservoir of magic. (+10% MP)


Message History

The lightning arc hits you!!
* * * LOW HITPOINT WARNING * * *
The lightning arc hits Nikola.
The lightning arc hits you!!
* * * LOW HITPOINT WARNING * * *
The lightning arc hits Roxanne!
Roxanne resists.
The lightning arc hits you!
* * * LOW HITPOINT WARNING * * *
Blink to where?
Press: ? - help, Dir - move target cursor You are very lightly contaminated with residual magic.
As you read the scroll of blinking, it crumbles to dust.
Nikola mumbles some strange words.
You hear a mighty clap of thunder!
The lightning arc arcs out of your line of sight!
You hear a mighty clap of thunder!
The lightning arc suddenly appears!
The lightning arc hits Nikola!
The lightning arc arcs out of your line of sight!
You hear a mighty clap of thunder!
The lightning arc suddenly appears!
The lightning arc hits Nikola.
The lightning arc hits you!!
You die...

#.###...###.## ####..## ##.####.
#.* ##### #.# #.#.###.## ## ,,*
#.# #.##...## # *** ##+##
#.###### ### * ##...## #.# #..
*** ##.....## #.## #.# *,**
##.......## #..####### #.#
,,,***#.........####........###.#
,,,,,,+.........@................
,,,,**#.........###..........####
*,*,* *#.......###...........## #
***,* ##..@....#.....)...)...# #
***,* ##..[ยง8.#.............###
***,* ##+#...#.............##.
,,,,** *,##.###...........##.#
********* *,*..#*##..........#.##
* **,,,***,*,..*####.......#.##


You could see Nikola.

Vanquished Creatures
  Mara (Swamp:4)
  Bai Suzhen (Swamp:4)
  the Lernaean hydra (Swamp:3)
  Jorgrun (D:14)
  Rupert (D:12)
  An Ice Fiend (IceCv)
  A thorn hunter (Swamp:4)
  Kirke (D:13)
  Agnes (D:14)
  Donald (Swamp:1)
  A fire giant (D:15)
  A deep elf sorcerer (Elf:1)
  A very ugly thing (Swamp:2)
  3 deep elf demonologists
  A dire elephant (Lair:1)
  A minotaur (Gauntlet)
  3 deep elf death magi
  A death ooze (Gauntlet)
  3 ogre magi (Orc:2)
  Harold (D:11)
  A ghost crab (Swamp:4)
  22 hydras
  3 shambling mangroves
  5 centaur warriors
  A catoblepas (Gauntlet)
  Erica (D:8)
  20 dancing weapons
  9 alligators
  7 death yaks
  A tengu warrior (D:12)
  4 two-headed ogres
  An orc high priest (Orc:2)
  A vampire mage (Abyss:3)
  Nergalle (Orc:2)
  3 thrashing horrors (Abyss:3)
  The ghost of VeryBadPlayer the Fighter, a novice MiFi of the Shining One (D:8)
  Sonja (D:10)
  21 deep elf knights
  4 skeletal warriors (D:13)
  A wretched star (Abyss:3)
  4 large abominations (Abyss:3)
  4 unseen horrors
  3 spriggan druids
  A shadow demon (Abyss:3)
  9 swamp dragons
  7 deep elf archers
  A lindwurm (Lair:1)
  4 orc knights
  2 wizards
  51 deep elf magi
  2 oklob plants (Lair:6)
  2 cyclopes
  19 ugly things
  7 orc sorcerers (Orc:2)
  A worldbinder (Gauntlet)
  18 slime creatures
  An ice statue (IceCv)
  A molten gargoyle (Gauntlet)
  Maurice (D:13)
  11 elephants
  A black mamba (Lair:2)
  2 torpor snails
  32 spiny frogs
  6 gargoyles
  An orange demon (Abyss:3)
  5 komodo dragons
  6 ice devils (IceCv)
  4 kobold demonologists
  3 minotaur zombies (Gauntlet)
  A yaktaur (D:15)
  3 freezing wraiths (IceCv)
  3 rime drakes
  An efreet (D:14)
  A golden dragon simulacrum (IceCv)
  22 tyrant leeches
  An ancient zyme (Abyss:3)
  7 trolls
  2 tengu conjurers
  The ghost of Allula97 the Skirmisher, an amateur MiFi (D:4)
  4 anaconda simulacra (IceCv)
  A guardian mummy (Elf:1)
  A queen bee (D:8)
  A meliai (shapeshifter) (Elf:1)
  35 blink frogs
  19 hornets
  Prince Ribbit (D:7)
  8 bog bodies
  Grinder (D:5)
  4 raiju (Abyss:3)
  A blink frog (shapeshifter) (D:14)
  5 dream sheep (Lair:6)
  12 hippogriffs
  11 spriggans
  An air elemental (Elf:1)
  Sigmund (D:2)
  5 water elementals
  A ynoxinul (Abyss:3)
  A shadow (D:14)
  3 wyverns
  4 dire elephant simulacra (IceCv)
  A vampire (D:11)
  27 yaks
  5 basilisks
  5 fire elementals
  A wraith (D:12)
  2 hogs
  A neqoxec (Abyss:3)
  Grum (D:11)
  4 hungry ghosts
  2 death yak simulacra (IceCv)
  18 vampire mosquitoes
  5 wargs
  A harpy simulacrum (IceCv)
  12 insubstantial wisps
  An iron troll simulacrum (IceCv)
  An acid dragon (D:15)
  4 nagas (Lair:2)
  25 swamp worms
  13 water moccasins
  7 porcupines
  4 hydra simulacra (IceCv)
  Duvessa (D:7)
  3 sky beasts
  3 ice beasts
  19 orc warriors
  3 black bears
  4 phantoms
  A necrophage (D:12)
  5 small abominations (Abyss:3)
  19 swamp drakes
  26 centaurs
  2 eyes of draining
  16 ogres
  3 boggarts (Gauntlet)
  16 wolves
  A wolf (shapeshifter) (D:15)
  15 crocodiles
  24 big kobolds
  29 bullfrogs
  A gnoll sergeant (D:7)
  A wyvern zombie (D:13)
  An earth elemental (Elf:1)
  Dowan (D:7)
  4 scorpions
  34 killer bees
  An elephant simulacrum (IceCv)
  5 wights (D:10)
  3 electric eels
  5 howler monkeys
  4 centaur zombies
  6 starcursed masses (Abyss:3)
  12 crimson imps
  A draconian simulacrum (IceCv)
  2 quasits
  6 bullfrog zombies
  6 hounds
  Crazy Yiuf (D:2)
  2 jellies (D:7)
  5 bullfrog skeletons
  18 orc priests
  3 centaur skeletons
  10 iguanas
  31 orc wizards
  2 troll simulacra (IceCv)
  A spriggan simulacrum (IceCv)
  7 worker ants
  A polar bear simulacrum (IceCv)
  2 centaur simulacra (IceCv)
  A hound skeleton (D:2)
  2 howler monkey zombies
  2 worker ant zombies
  10 gnolls
  A howler monkey skeleton (D:5)
  13 adders
  3 naga simulacra (IceCv)
  An ogre simulacrum (IceCv)
  5 shadow imps
  7 white imps (IceCv)
  4 ufetubi (IceCv)
  An ooze (D:1)
  2 adder skeletons
  3 worms
  A dart slug (D:3)
  7 leopard geckos
  91 orcs
  3 ball pythons
  5 bats
  8 giant cockroaches
  6 goblins
  6 hobgoblins
  7 jackals
  5 quokkas
  4 frilled lizards
  19 kobolds
  A leopard gecko skeleton (D:8)
  A leopard gecko zombie (D:9)
  A quokka skeleton (D:4)
  4 rats
  A bush (Lair:6)
  A plant (Lair:6)
1237 creatures vanquished.

Vanquished Creatures (others)
  A thorn hunter (Swamp:2)
  A thrashing horror (Abyss:3)
  A deep elf knight (Elf:2)
  A spriggan druid (Swamp:4)
  A deep elf archer (Elf:1)
  An ancient zyme (Abyss:3)
  A large abomination (Abyss:3)
  2 humans (D:14)
  An orc wizard (Orc:2)
  15 fungi
  39 plants
  6 toadstools (Lair:1)
  2 withered plants (D:8)
72 creatures vanquished.

Grand Total: 1309 creatures vanquished

Notes
Turn   | Place    | Note
-------+----------+-------------------------------------------
     0 | D:1      | Peloso the Minotaur Fighter began the quest for the Orb.
     0 | D:1      | Reached XP level 1. HP: 19/19 MP: 0/0
   365 | D:1      | Reached XP level 2. HP: 27/27 MP: 1/1
   576 | D:1      | Found a white marble altar of Elyvilon.
   578 | D:1      | Found a shadowy altar of Dithmenos.
   578 | D:1      | Found a shimmering altar of Xom.
   583 | D:1      | Found a sacrificial altar of Ru.
   583 | D:1      | Found a glowing golden altar of the Shining One.
   583 | D:1      | Found an ornate altar of the Wu Jian Council.
   752 | D:2      | Reached skill level 4 in Shields
   752 | D:2      | Reached XP level 3. HP: 30/34 MP: 2/2
   990 | D:2      | Found a radiant altar of Vehumet.
   991 | D:2      | Found a burning altar of Makhleb.
  1055 | D:2      | Found a snail-covered altar of Cheibriados.
  1055 | D:2      | Found an iron altar of Okawaru.
  1086 | D:2      | Became a worshipper of Warmaster Okawaru
  1179 | D:2      | Noticed Sigmund
  1195 | D:2      | Killed Sigmund
  1195 | D:2      | Reached * piety under Okawaru
  1195 | D:2      | Reached skill level 1 in Dodging
  1195 | D:2      | Reached XP level 4. HP: 22/41 MP: 3/3
  1195 | D:2      | Reached XP level 5. HP: 25/47 MP: 4/4
  1384 | D:2      | Found a runed translucent door.
  1385 | D:2      | Noticed Crazy Yiuf
  1392 | D:2      | Killed Crazy Yiuf
  1776 | D:3      | Reached XP level 6. HP: 50/55 MP: 5/5
  2420 | D:4      | Found a runed translucent gate.
  2420 | D:4      | Found a runed translucent gate.
  2423 | D:4      | Found a runed translucent gate.
  2425 | D:4      | Noticed Allula97's ghost (amateur MiFi)
  2446 | D:4      | Found Taqeluta's Assorted Antiques.
  2462 | D:4      | Found Fageyx's Magic Scroll Shoppe.
  2472 | D:4      | Reached skill level 5 in Armour
  2487 | D:4      | Reached skill level 5 in Long Blades
  2510 | D:4      | Bought a scroll of magic mapping for 42 gold pieces
  2510 | D:4      | Bought a scroll of identify for 24 gold pieces
  2510 | D:4      | Bought a scroll of fog for 24 gold pieces
  2575 | D:4      | Found Ikocuippi's Antique Armour Shoppe.
  2777 | D:4      | Found Odessah's Magic Scroll Shoppe.
  2782 | D:4      | Bought a scroll of noise for 10 gold pieces
  2782 | D:4      | Bought a scroll of teleportation for 30 gold pieces
  2782 | D:4      | Bought a scroll of remove curse for 30 gold pieces
  2802 | D:4      | Reached skill level 5 in Shields
  2959 | D:4      | Found Heyrot's Armour Boutique.
  2973 | D:4      | Found a deep blue altar of Sif Muna.
  2995 | D:4      | Found a bloodstained altar of Trog.
  3060 | D:5      | Entered Level 5 of the Dungeon
  3061 | D:5      | Noticed a sky beast
  3069 | D:5      | Killed a sky beast
  3069 | D:5      | Reached ** piety under Okawaru
  3069 | D:5      | Reached skill level 5 in Fighting
  3069 | D:5      | Reached XP level 7. HP: 39/61 MP: 6/6
  3234 | D:5      | Noticed Grinder
  3264 | D:5      | Paralysed by Grinder for 5 turns
  3270 | D:5      | Killed Grinder
  3270 | D:5      | Reached skill level 6 in Shields
  3325 | D:5      | HP: 2/61 [phantom (6)]
  3333 | D:5      | Reached XP level 8. HP: 26/68 MP: 7/7
  3927 | D:5      | Reached *** piety under Okawaru
  4005 | D:5      | Reached skill level 7 in Shields
  4485 | D:6      | Reached **** piety under Okawaru
  4501 | D:6      | Reached skill level 8 in Shields
  4501 | D:6      | Reached XP level 9. HP: 75/75 MP: 8/8
  4945 | D:6      | Found a staircase to the Ecumenical Temple.
  5068 | D:7      | Found a sparkling altar of Nemelex Xobeh.
  5101 | D:7      | Noticed Prince Ribbit
  5347 | D:7      | Found a blossoming altar of Fedhas.
  5347 | D:7      | Found a glowing silver altar of Zin.
  5429 | D:7      | Killed Prince Ribbit
  5712 | D:7      | Found Zeggoq's Armour Emporium.
  5715 | D:7      | Noticed Dowan
  5726 | D:7      | Killed Dowan
  5726 | D:7      | Noticed Duvessa
  5734 | D:7      | Killed Duvessa
  5734 | D:7      | Reached skill level 9 in Shields
  5901 | D:7      | Reached skill level 1 in Invocations
  5912 | D:7      | Bought a +0 hat of magic resistance for 143 gold pieces
  6361 | D:8      | Reached skill level 10 in Shields
  6366 | D:8      | Reached ***** piety under Okawaru
  6366 | D:8      | Reached skill level 10 in Long Blades
  6388 | D:8      | Noticed Erica
  6708 | D:8      | Found Pig Lud's Jewellery Boutique.
  6773 | D:8      | Noticed a queen bee
  6780 | D:7      | Reached XP level 10. HP: 70/86 MP: 9/9
  7273 | D:8      | Found a runed translucent door.
  7273 | D:8      | Noticed VeryBadPlayer's ghost (novice MiFi)
  7383 | D:8      | Killed Erica
  7383 | D:8      | Reached skill level 11 in Shields
  7962 | D:9      | Found a staircase to the Lair.
  8165 | D:9      | Found Yrutah's Food Emporium.
  8611 | D:9      | Received a gift from Okawaru
  8892 | D:10     | Entered Level 10 of the Dungeon
  8920 | D:10     | Reached XP level 11. HP: 36/94 MP: 11/11
  9200 | D:10     | Reached skill level 12 in Shields
  9366 | D:10     | Noticed Sonja
  9399 | D:10     | Found a staircase to the Orcish Mines.
  9403 | D:10     | Killed Sonja
 10069 | Orc:1    | Entered Level 1 of the Orcish Mines
 10869 | D:8      | Bought the amulet of the Four Winds {rN+ MR+++ Clar} for
                  | 526 gold pieces
 10869 | D:8      | Found the amulet of the Four Winds {rN+ MR+++ Clar}
 10944 | D:4      | Bought a scroll labeled CAUHON LAUN for 30 gold pieces
 10944 | D:4      | Bought a viscous black potion for 27 gold pieces
 10944 | D:4      | Bought a scroll labeled GIURYSH XA NIO for 30 gold pieces
 10952 | D:4      | Bought a scroll of identify for 24 gold pieces
 11170 | D:11     | Noticed a two-headed ogre
 11173 | D:11     | Killed a two-headed ogre
 11232 | D:11     | Killed an unseen horror
 11232 | D:11     | Reached skill level 10 in Armour
 11322 | D:11     | Noticed Grum
 11322 | D:11     | Noticed a brown ugly thing
 11322 | D:11     | Noticed Harold
 11341 | D:11     | Killed a brown ugly thing
 11341 | D:11     | Reached skill level 13 in Shields
 11354 | D:11     | Killed Grum
 11369 | D:11     | Killed Harold
 11659 | D:11     | Reached XP level 12. HP: 104/104 MP: 12/12
 11678 | D:11     | Received a gift from Okawaru
 11776 | D:11     | Gained mutation: You are weak. (Str -2) [mutagenic glow]
 11869 | D:11     | Gained mutation: You are very weak. (Str -4) [mutagenic
                  | glow]
 11871 | D:11     | Lost mutation: You are very weak. (Str -4) [potion of
                  | mutation]
 11871 | D:11     | Lost mutation: You are weak. (Str -2) [potion of mutation]
 11871 | D:11     | Gained mutation: You are partially covered in rugged brown
                  | scales. (AC +1, +3% HP) [potion of mutation]
 11871 | D:11     | Gained mutation: You are partially covered in iridescent
                  | scales. (AC +2) [potion of mutation]
 12093 | D:12     | Noticed a two-headed ogre
 12095 | D:12     | Noticed a tengu warrior
 12102 | D:12     | Killed a two-headed ogre
 12124 | D:12     | Killed a tengu warrior
 12357 | D:12     | Noticed Rupert
 12389 | D:12     | Killed Rupert
 12389 | D:12     | Reached skill level 10 in Fighting
 12389 | D:12     | Reached skill level 14 in Shields
 12685 | D:12     | Noticed a two-headed ogre
 12690 | D:12     | Killed a two-headed ogre
 12706 | D:12     | Noticed a two-headed ogre
 12714 | D:12     | Killed a two-headed ogre
 12714 | D:12     | Reached ****** piety under Okawaru
 12893 | D:12     | Received a gift from Okawaru
 13299 | Lair:1   | Entered Level 1 of the Lair of Beasts
 13413 | Lair:1   | Reached XP level 13. HP: 105/118 MP: 13/13
 13792 | Lair:1   | Noticed a dire elephant
 13814 | Lair:1   | Found a runed translucent door.
 14571 | Lair:2   | Received a gift from Okawaru
 14571 | Lair:2   | Reached skill level 15 in Shields
 15509 | Lair:2   | Found a staircase to the Swamp.
 15830 | Lair:2   | Found a staircase to the Snake Pit.
 17272 | Lair:4   | Reached skill level 1 in Evocations
 17389 | Lair:4   | Reached skill level 16 in Shields
 17968 | Lair:5   | Reached skill level 15 in Long Blades
 18685 | Lair:5   | Found a staircase to the Slime Pits.
 18735 | Lair:6   | Entered Level 6 of the Lair of Beasts
 18818 | Lair:6   | Reached XP level 14. HP: 63/130 MP: 14/14
 18853 | Lair:5   | Got an encrusted mace
 19278 | Lair:6   | Received a gift from Okawaru
 19566 | Lair:6   | Got a distressingly furry cloak {god gift}
 19581 | Lair:6   | Identified the -2 cloak of Gahied {rF+ MR- Int+4} (Okawaru
                  | gifted it to you on level 6 of the Lair of Beasts)
 20088 | Lair:6   | Reached skill level 17 in Shields
 21279 | Lair:6   | Identified the Reference Book on the Quantum Oath
 21333 | Lair:6   | Received a gift from Okawaru
 21415 | Lair:5   | Identified the +5 mace of Income {flame, rC+} (You found it
                  | on level 5 of the Lair of Beasts)
 22126 | D:4      | Bought a scroll of identify for 24 gold pieces
 22126 | D:4      | Bought a scroll of identify for 24 gold pieces
 22126 | D:4      | Bought a scroll of identify for 24 gold pieces
 22126 | D:4      | Bought a scroll of fear for 42 gold pieces
 22361 | D:13     | Noticed Maurice
 22381 | D:13     | Killed Maurice
 22628 | D:13     | Reached XP level 15. HP: 141/141 MP: 15/15
 22677 | D:13     | Reached skill level 5 in Dodging
 22693 | D:13     | Found a gate to the Vaults.
 22731 | D:13     | Reached skill level 18 in Shields
 23140 | D:14     | Noticed Kirke
 23152 | D:13     | Killed Kirke
 23354 | D:14     | Noticed Agnes
 23400 | D:14     | Killed Agnes
 23456 | D:14     | Received a gift from Okawaru
 24167 | D:14     | Noticed Jorgrun
 24183 | D:14     | Killed Jorgrun
 24197 | D:15     | Entered Level 15 of the Dungeon
 24307 | D:15     | Found a gate leading to a gauntlet.
 24316 | Gauntlet | Entered a Gauntlet
 24316 | Gauntlet | Found a transporter.
 24316 | Gauntlet | Found a transporter.
 24322 | Gauntlet | Found a transporter.
 24322 | Gauntlet | Found a transporter.
 24324 | Gauntlet | Found a large runed translucent door.
 24325 | Gauntlet | Found a large runed translucent door.
 24326 | Gauntlet | Found a large runed translucent door.
 24326 | Gauntlet | Found a large runed translucent door.
 24326 | Gauntlet | Found a runed translucent door.
 24327 | Gauntlet | Found a large runed translucent door.
 24330 | Gauntlet | Found a transporter.
 24348 | Gauntlet | Found a runed translucent door.
 24349 | Gauntlet | Found a large runed translucent door.
 24349 | Gauntlet | Found a large runed translucent door.
 24349 | Gauntlet | Found a large runed translucent door.
 24350 | Gauntlet | Found a large runed translucent door.
 24351 | Gauntlet | Found a large runed translucent door.
 24353 | Gauntlet | Found a transporter.
 24399 | Gauntlet | Found a transporter.
 24414 | Gauntlet | Found a transporter.
 24427 | Gauntlet | Found a transporter.
 24429 | Gauntlet | Found a large runed translucent door.
 24430 | Gauntlet | Found a large runed translucent door.
 24445 | Gauntlet | Found a transporter.
 24527 | Gauntlet | Found a large runed translucent door.
 24527 | Gauntlet | Found a large runed translucent door.
 24528 | Gauntlet | Found a large runed translucent door.
 24528 | Gauntlet | Found a large runed translucent door.
 24530 | Gauntlet | Found a runed translucent gate.
 24530 | Gauntlet | Found a runed translucent gate.
 24530 | Gauntlet | Found a runed translucent gate.
 24532 | Gauntlet | Found a transporter.
 24542 | Gauntlet | Found a transporter.
 24564 | Gauntlet | Found a transporter.
 24571 | Gauntlet | Found a transporter.
 24640 | Gauntlet | Found a transporter.
 24657 | Gauntlet | Found a transporter.
 24806 | Gauntlet | Got a fine hat
 24817 | Gauntlet | Identified the +2 hat of Liuvoonle {MR- Int+5} (You found
                  | it in a Gauntlet)
 25022 | Gauntlet | Got a smoking copper ring
 25023 | Gauntlet | Identified the ring "Menuts" {+Fly rN+ Str+2} (You found it
                  | in a Gauntlet)
 25087 | Gauntlet | Identified the Grimoire of the Oath
 25402 | D:15     | Received a gift from Okawaru
 25519 | D:15     | Found a staircase to the Depths.
 25519 | D:15     | Noticed a fire giant
 25544 | D:15     | Killed a fire giant
 25665 | D:15     | Found a white marble altar of Elyvilon.
 25712 | D:15     | Reached skill level 19 in Shields
 26721 | Orc:2    | Entered Level 2 of the Orcish Mines
 26763 | Orc:1    | Reached XP level 16. HP: 105/151 MP: 16/16
 27485 | Orc:2    | Found a staircase to the Elven Halls.
 27664 | Orc:2    | Found Kisto's Antique Weapon Boutique.
 27678 | Orc:2    | Found a radiant altar of Vehumet.
 27714 | Orc:2    | Found Ezivve's Book Boutique.
 27727 | Orc:2    | Noticed Nergalle
 27739 | Orc:2    | Killed Nergalle
 27751 | Orc:2    | Found an ancient bone altar of Kikubaaqudgha.
 27798 | Orc:2    | Found a roughly hewn altar of Beogh.
 27798 | Orc:2    | Found Zocics's Distillery.
 27799 | Orc:2    | Found Fan Saoj's Antique Armour Boutique.
 27807 | Orc:2    | Received a gift from Okawaru
 27820 | Orc:2    | Bought an ichor-stained chain mail for 304 gold pieces
 27839 | Orc:2    | Identified the cursed +0 chain mail of Moedo {+Inv rC+
                  | Str-3} (You bought it in a shop on level 2 of the Orcish
                  | Mines)
 27881 | Orc:2    | Bought a potion of might for 56 gold pieces
 27881 | Orc:2    | Bought a potion of brilliance for 56 gold pieces
 28563 | D:4      | Bought a scroll of acquirement for 624 gold pieces
 28609 | D:4      | Killed Allula97's ghost
 28874 | Swamp:1  | Entered Level 1 of the Swamp
 29388 | Swamp:1  | Reached skill level 15 in Fighting
 29480 | Swamp:1  | Noticed Donald
 29494 | Swamp:1  | Killed Donald
 29494 | Swamp:1  | Reached skill level 1 in Stealth
 30169 | Swamp:1  | Reached skill level 15 in Armour
 30179 | Swamp:1  | Reached skill level 20 in Shields
 30673 | Swamp:2  | Noticed a thorn hunter
 30685 | Swamp:2  | Killed a thorn hunter
 30705 | Swamp:2  | Received a gift from Okawaru
 31766 | D:8      | Killed VeryBadPlayer's ghost
 31956 | Swamp:3  | Found a frozen archway.
 31991 | IceCv    | Entered an ice cave
 32778 | IceCv    | Noticed an Ice Fiend
 32809 | IceCv    | Killed an Ice Fiend
 33956 | Swamp:3  | Paralysed by a hornet for 3 turns
 33990 | Swamp:3  | Reached XP level 17. HP: 76/160 MP: 15/18
 34412 | Swamp:4  | Entered Level 4 of the Swamp
 34442 | Swamp:3  | Reached skill level 21 in Shields
 34913 | Swamp:4  | Received a gift from Okawaru
 35375 | Swamp:4  | Noticed the 27-headed Lernaean hydra
 35399 | Swamp:3  | Killed the 24-headed Lernaean hydra
 35935 | Swamp:4  | Got a decaying rune of Zot
 36225 | Swamp:4  | Noticed Bai Suzhen
 36248 | Swamp:4  | Killed Bai Suzhen
 36270 | Swamp:4  | Reached skill level 22 in Shields
 36309 | Swamp:4  | Noticed Mara
 36436 | Swamp:4  | Noticed Peloso's illusion
 36453 | Swamp:4  | Killed Mara
 36453 | Swamp:4  | Received a gift from Okawaru
 37162 | Elf:1    | Entered Level 1 of the Elven Halls
 38629 | Elf:1    | Found a portal to a secret trove of treasure.
 38934 | D:4      | Bought a scroll of teleportation for 90 gold pieces
 39536 | Elf:1    | Reached XP level 18. HP: 109/173 MP: 19/19
 39785 | Elf:1    | Received a gift from Okawaru
 40493 | Elf:2    | Noticed a Tzitzimitl
 40751 | Elf:2    | Noticed an Ice Fiend
 41048 | Elf:2    | Received a gift from Okawaru
 41379 | Elf:2    | Found a huge runed translucent gate.
 41381 | Elf:2    | Found a huge runed translucent gate.
 41381 | Elf:2    | Found a huge runed translucent gate.
 41382 | Elf:2    | Found a huge runed translucent gate.
 41382 | Elf:2    | Found a huge runed translucent gate.
 41426 | Elf:2    | Reached skill level 23 in Shields
 41590 | Elf:2    | Cast into level 3 of the Abyss (+3 glaive of distortion)
 41591 | Abyss:3  | Found a corrupted altar of Lugonu.
 41737 | Abyss:3  | Gained mutation: You occasionally shout uncontrollably at
                  | your foes. [a neqoxec]
 41752 | Abyss:3  | Gained mutation: You sometimes yell uncontrollably at your
                  | foes. [a neqoxec]
 41954 | Elf:2    | Escaped the Abyss
 42365 | Elf:1    | Lost mutation: You are partially covered in rugged brown
                  | scales. (AC +1, +3% HP) [potion of mutation]
 42365 | Elf:1    | Lost mutation: You are partially covered in iridescent
                  | scales. (AC +2) [potion of mutation]
 42365 | Elf:1    | Lost mutation: You sometimes yell uncontrollably at your
                  | foes. [potion of mutation]
 42365 | Elf:1    | Gained mutation: You are robust. (+10% HP) [potion of
                  | mutation]
 42365 | Elf:1    | Gained mutation: You possess an exceptional clarity of
                  | mind. [potion of mutation]
 42366 | Elf:1    | Lost mutation: You are robust. (+10% HP) [potion of
                  | mutation]
 42366 | Elf:1    | Lost mutation: You possess an exceptional clarity of mind.
                  | [potion of mutation]
 42366 | Elf:1    | Lost mutation: You occasionally shout uncontrollably at
                  | your foes. [potion of mutation]
 42366 | Elf:1    | Gained mutation: You are resistant to hostile enchantments.
                  | (MR+) [potion of mutation]
 42366 | Elf:1    | Gained mutation: You are dopey. (Int -2) [potion of
                  | mutation]
 42366 | Elf:1    | Gained mutation: Your spells are a little easier to cast,
                  | but a little less powerful. [potion of mutation]
 42366 | Elf:1    | Gained mutation: You have supernaturally acute eyesight.
                  | (SInv) [potion of mutation]
 42498 | Lair:1   | Lost mutation: You have supernaturally acute eyesight.
                  | (SInv) [potion of mutation]
 42498 | Lair:1   | Lost mutation: You are resistant to hostile enchantments.
                  | (MR+) [potion of mutation]
 42498 | Lair:1   | Lost mutation: You are dopey. (Int -2) [potion of mutation]
 42498 | Lair:1   | Gained mutation: You are agile. (Dex +2) [potion of
                  | mutation]
 42498 | Lair:1   | Gained mutation: You are weak. (Str -2) [potion of
                  | mutation]
 42498 | Lair:1   | Gained mutation: You have supernaturally acute eyesight.
                  | (SInv) [potion of mutation]
 42499 | Lair:1   | Lost mutation: You are agile. (Dex +2) [potion of mutation]
 42499 | Lair:1   | Lost mutation: You are weak. (Str -2) [potion of mutation]
 42499 | Lair:1   | Lost mutation: Your spells are a little easier to cast, but
                  | a little less powerful. [potion of mutation]
 42499 | Lair:1   | Gained mutation: You are extremely frail. (-30% HP) [potion
                  | of mutation]
 42499 | Lair:1   | Gained mutation: Your spells are a little harder to cast,
                  | but a little more powerful. [potion of mutation]
 42499 | Lair:1   | Gained mutation: You expend magic power (3 MP) to
                  | strengthen your wands. [potion of mutation]
 42703 | Lair:1   | Lost mutation: You expend magic power (3 MP) to strengthen
                  | your wands. [potion of mutation]
 42703 | Lair:1   | Lost mutation: Your spells are a little harder to cast, but
                  | a little more powerful. [potion of mutation]
 42703 | Lair:1   | Lost mutation: You are extremely frail. (-30% HP) [potion
                  | of mutation]
 42703 | Lair:1   | Gained mutation: Your flesh is cold resistant. (rC+)
                  | [potion of mutation]
 42703 | Lair:1   | Gained mutation: You are extremely frail. (-30% HP) [potion
                  | of mutation]
 42703 | Lair:1   | Gained mutation: You have an increased reservoir of magic.
                  | (+10% MP) [potion of mutation]
 42703 | Lair:1   | Gained mutation: You can translocate small distances at
                  | will. [potion of mutation]
 43247 | Elf:2    | Received a gift from Okawaru
 43658 | Elf:3    | Entered Level 3 of the Elven Halls
 44112 | Elf:3    | Identified Roxanne's Reference Book on Shape Shifting
 44112 | Elf:3    | Noticed Roxanne
 44112 | Elf:3    | Noticed Nikola
 44124 | Elf:3    | HP: 3/153 [Nikola/chain lightning (8)]
 44125 | Elf:3    | Killed from afar by Nikola

Skill      XL: |  1  2  3  4  5  6  7  8  9 10 11 12 13 14 15 16 17 18 |
---------------+-------------------------------------------------------+-----
Fighting       | 4 5 6 7 8 9 10 12 13 14 15 16 17 | 17.3
Armour         | 4 5 6 7 8 9 10 11 12 13 14 15 16 | 16.9
Shields        | 4 5 6 8 10 11 13 14 16 17 19 20 22 23 | 23.4
Long Blades    | 4 5 6 8 10 11 12 14 15 16 17 18 | 18.7
Dodging        | 1 2 3 4 5 6 |  6.0
Invocations    | 1 2 |  2.8
Evocations     | 1 |  1.0
Stealth        | 1 |  1.0

Action                   |  1- 3 |  4- 6 |  7- 9 | 10-12 | 13-15 | 16-18 || total
-------------------------+-------+-------+-------+-------+-------+-------++-------
Melee: Long sword        |    80 |   132 |   388 |    91 |   493 |   823 ||  2007
       Headbutt          |    15 |    27 |    89 |   135 |   471 |   529 ||  1266
       Scimitar          |       |       |       |   597 |  1041 |   834 ||  2472
       Demon blade       |       |       |       |       |       |    50 ||    50
Invok: Heroism           |       |       |     3 |     5 |    15 |     7 ||    30
Evoke: Wand              |       |       |       |     4 |     5 |       ||     9
  Use: Scroll            |     2 |     4 |     1 |     9 |    12 |     7 ||    35
       Potion            |     1 |       |     3 |     2 |     2 |    16 ||    24
 Stab: Confused          |       |       |       |       |       |     2 ||     2
  Eat: Chunk             |       |     7 |    10 |    18 |    35 |    33 ||   103
       Ration            |       |       |     1 |     2 |     3 |     7 ||    13
Armor: Scale mail        |    37 |    25 |       |       |       |       ||    62
       Chain mail        |       |    35 |    29 |       |       |       ||    64
       Plate armour      |       |       |   211 |   352 |   575 |   521 ||  1659
       Crystal plate arm |       |       |       |       |       |   215 ||   215
Dodge: Dodged            |    28 |    40 |   160 |   192 |   354 |   388 ||  1162
Block: Shield            |    45 |    61 |   321 |   475 |   954 |   384 ||  2240
       Large shield      |       |       |       |       |   164 |  1360 ||  1524
       Reflection        |       |       |       |       |       |    30 ||    30
       Rpst.: Long sword |     7 |     7 |    39 |     8 |    22 |    33 ||   116
       Scimitar          |       |       |       |    45 |    67 |    27 ||   139
       Demon blade       |       |       |       |       |       |     2 ||     2
